 Dungeon Crawl Stone Soup version 0.21.1-1-g345015f (webtiles) character file.

231 sking99 the Ruffian (level 5, -4/53 HPs)
             Began as a Troll Monk on June 28, 2018.
             Killed by nerve-wracking pain
             ... invoked by an orc priest
              (11 damage)
             ... on level 3 of the Dungeon.
             The game lasted 00:03:54 (1832 turns).

sking99 the Ruffian (Troll Monk)                    Turns: 1832, Time: 00:03:54

Health: -4/53      AC:  5    Str: 19    XL:     5   Next: 73%
Magic:  4/4        EV: 10    Int:  6    God:
Gold:   118        SH:  0    Dex: 13    Spells: 4/4 levels left

rFire    . . .     SeeInvis .     - Unarmed
rCold    . . .     Gourm    +   (no shield)
rNeg     . . .     Faith    .   a - +0 robe
rPois    .         Spirit   .   (helmet restricted)
rElec    .         Reflect  .   (no cloak)
rCorr    .         Harm     .   (gloves unavailable)
MR       .....                  (boots unavailable)
Stlth    ++........             (no amulet)
HPRegen  0.57/turn              (no ring)
MPRegen  0.09/turn              (no ring)

@: no status effects
A: large, unfitting armour, claws 3, fast metabolism 3, gourmand, regeneration
1, shaggy fur 1, tough skin 2
a: no special abilities


You were on level 3 of the Dungeon.
You were completely stuffed.

You visited 1 branch of the dungeon, and saw 3 of its levels.

You collected 118 gold pieces.

Inventory:

Armour
 a - a +0 robe (worn)
 m - a cursed +0 robe
Jewellery
 l - an uncursed ring of flight {unknown}
Scrolls
 c - a scroll of blinking {unknown}
 d - a scroll of amnesia {unknown}
 f - 3 scrolls of identify {unknown}
 g - a scroll of immolation {unknown}
 i - a scroll of enchant weapon {unknown}
 j - a scroll of teleportation {unknown}
Potions
 e - a potion of flight {unknown}
 h - a potion of haste {unknown}
 n - a potion of curing {unknown}
Comestibles
 b - 4 rations
 k - 10 chunks of flesh


   Skills:
 + Level 3.6 Fighting
 - Level 2.4 Dodging
 - Level 1.0 Stealth
 * Level 5.6 Unarmed Combat


You had 4 spell levels left.
You didn't know any spells.

Dungeon Overview and Level Annotations

Branches:
Dungeon (3/15)

Altars:
Okawaru
Xom


Innate Abilities, Weirdness & Mutations

You are too large for most types of armour.
You have claws for hands.
Your metabolism is lightning-fast.
You like to eat raw meat.
Your natural rate of healing is unusually fast.
You are covered in fur. (AC +1)
You have very tough skin. (AC +2)


Message History

You scratch something.
Reactivating autopickup.
You feel a bit more experienced. The orc hits you with a morningstar.
You scratch the orc.
The orc is almost dead.
The orc hits you but does no damage.
You closely miss the orc. The orc closely misses you.
The orc priest calls down the wrath of Beogh upon you.
Beogh smites you!
* * * LOW HITPOINT WARNING * * *
You scratch the orc.
The orc is severely wounded.
The orc hits you.
* * * LOW HITPOINT WARNING * * *
The orc barely misses you.
You claw the orc!
You kill the orc!
The orc priest invokes the aid of Beogh against you.
Pain shoots through your body!
You die...

.. ..........#......##...#
%.# #.#.###......###.......
.... #.#....................
>..##............#..#......
#.o.........#.....##.....)
##. ....##..#.....####..(...
#....##...#...##....##..#.(.#
..........##........##. ##.##
#..####.#.##@.)......# ##)#
...#..o)..........##[.#
#######.o.#.......###(##
#........#### #.#
......##...#####.#
....#####.#.......# ######
#.[.....##### ####.....#...
#..........


You could see an orc priest and an orc.

Vanquished Creatures
  A howler monkey (D:2)
  2 orc priests (D:3)
  An orc wizard (D:3)
  2 adders (D:2)
  An ooze (D:1)
  3 dart slugs (D:1)
  2 leopard geckos
  9 orcs
  A ball python (D:3)
  7 bats
  4 giant cockroaches
  12 goblins
  5 hobgoblins
  5 jackals
  3 frilled lizards
  6 kobolds
  6 rats
70 creatures vanquished.

Notes
Turn   | Place    | Note
-------+----------+-------------------------------------------
     0 | D:1      | sking99 the Troll Monk began the quest for the Orb.
     0 | D:1      | Reached XP level 1. HP: 22/22 MP: 0/0
    86 | D:1      | Reached XP level 2. HP: 29/29 MP: 1/1
   801 | D:2      | Found a shimmering altar of Xom.
   803 | D:2      | Found an iron altar of Okawaru.
   808 | D:2      | Reached XP level 3. HP: 34/36 MP: 2/2
   887 | D:2      | Reached skill level 4 in Unarmed Combat
  1265 | D:2      | Reached XP level 4. HP: 40/45 MP: 3/3
  1540 | D:3      | Reached skill level 5 in Unarmed Combat
  1540 | D:3      | Reached XP level 5. HP: 47/53 MP: 4/4
  1832 | D:3      | Killed from afar by an orc priest

Skill      XL: |  1  2  3  4 |
---------------+-------------+-----
Unarmed Combat | 4 5 |  5.6
Fighting       | 3 |  3.6
Dodging        | |  2.4
Stealth        | |  1.0

Action                   |  1- 3 |  4- 6 || total
-------------------------+-------+-------++-------
Melee: Unarmed           |    98 |    78 ||   176
       Punch             |     2 |     1 ||     3
 Stab: Sleeping          |     2 |     1 ||     3
  Eat: Chunk             |    17 |     5 ||    22
Armor: Robe              |    39 |    31 ||    70
Dodge: Dodged            |    44 |    40 ||    84
